cohdb
Replays
Latest Replays
All Replays
Popular Replays
Top Player Replays
Match Explorer
How It Works
Community
CoH3 Stats
Reddit
Sign in to upload your games and track your stats! →
Sign in with Steam
Match 47130713
Unlisted
Match 47130713
Overview
Messages
Build Orders
End
Construct Infanterie Kompanie
Selects Terror Battlegroup
Selects Machine Gun Camouflage
GrW 34 Mortar Team
MG 42 Machine Gun Team
Grenadier Squad
Grenadier Squad
Medical Station
Construct Panzergrenadier Kompanie
Infanterie Officer Quarters
Grenadier Squad
Selects Contempt for the Weak
251 Medium Carrier
251 Medium Carrier
Panzergrenadier Squad
Selects Propaganda Leaflet Drop
Construct Panzer Kompanie
Propaganda Leaflet Drop
Propaganda Leaflet Drop
Sturmpanzer IV Brummbär
De@d€ye
IronDragon
redromain
Greg
0
0
Comments
sign in to comment!
No comments posted yet!